 Dungeon Crawl Stone Soup version 0.17.1-1-g73c8601 (webtiles) character file.

38413 Flanowski the Covert (level 14, -13/70 HPs)
             Began as a Vine Stalker Assassin on Dec 31, 2015.
             Was the Champion of Dithmenos.
             Mangled by a spriggan rider
             ... wielding a +0 spear
              (17 damage)
             ... on level 8 of the Lair of Beasts.
             The game lasted 00:59:40 (17381 turns).

Flanowski the Covert (Vine Stalker Assassin)       Turns: 17381, Time: 00:59:40

Health: -13/70     AC: 20    Str: 16    XL:     14   Next: 2%
Magic:  0/15       EV: 21    Int:  9    God:    Dithmenos [******]
Gold:   1272       SH:  0    Dex: 19    Spells: 0 memorised, 13 levels left

rFire  . . .     SeeInvis +     j - +3 dagger (venom)
rCold  + + .     Clarity  .     B - +5 ring mail "Loer" {+Blink rC++ Int-2}
rNeg   . . .     SustAt   .     (no shield)
rPois  .         Gourm    .     E - +2 helmet
rElec  .         Spirit   +     d - +0 cloak
rCorr  +         Warding  .     y - +1 pair of gloves
rMut   .         Stasis   .     h - +0 pair of boots
MR     +....                    u - amulet of resist corrosion
Stlth  +++++++++.               (no ring)
                                c - ring of see invisible

@: wreathed by umbra, somewhat resistant to hostile enchantments, incredibly
stealthy
A: fangs 3, regeneration 3, magic shield, antimagic bite, no device heal 3, rot
immunity
a: Shadow Step, Shadow Form, Renounce Religion, Evoke Blink


You were on level 8 of the Lair of Beasts.
You worshipped Dithmenos.
Dithmenos was exalted by your worship.
You were not hungry.

You visited 2 branches of the dungeon, and saw 19 of its levels.

You collected 1272 gold pieces.

Inventory:

Hand Weapons
 b - a +0 blowgun
 j - a +3 dagger of venom (weapon)
Missiles
 e - 83 poisoned needles
 f - 2 curare-tipped needles
Armour
 d - a +0 cloak (worn)
 h - a +0 pair of boots (worn)
 y - a +1 pair of gloves (worn)
 B - the +5 ring mail "Loer" (worn) {+Blink rC++ Int-2}
   (You found it on level 6 of the Lair of Beasts)

   It affects your intelligence (-2).
   It greatly protects you from cold.
   It lets you blink.
 E - a +2 helmet (worn)
Jewellery
 c - a ring of see invisible (left hand)
 m - an uncursed amulet of resist mutation
 u - an amulet of resist corrosion (around neck)
 x - an uncursed amulet of stasis
 P - an uncursed ring of flight
Wands
 a - a wand of polymorph (14)
 F - a wand of slowing (25)
 U - a wand of cold (10)
 X - a wand of polymorph (15)
 Y - a wand of enslavement (8)
 Z - a wand of fire (15)
Scrolls
 l - 8 scrolls of remove curse
 o - 3 scrolls of identify
 p - a scroll of noise {unknown}
 v - 5 scrolls of teleportation
 H - 4 scrolls of magic mapping
 N - a scroll of amnesia
Potions
 i - 3 potions of haste
 k - 3 potions of agility {unknown}
 n - 3 potions of heal wounds {unknown}
 q - a potion of poison {unknown}
 r - a potion of invisibility {unknown}
 t - 5 potions of degeneration {unknown}
 z - 2 potions of ambrosia {unknown}
 C - a potion of magic {unknown}
 G - a potion of curing
 I - 3 potions of flight {unknown}
 J - 3 potions of lignification {unknown}
 K - 2 potions of resistance {unknown}
 R - a potion of berserk rage {unknown}
 V - 2 potions of might {unknown}
Books
 L - a book of Party Tricks

   Spells                             Type                      Level
   a - Summon Butterflies             Summoning                    1
   b - Apportation                    Translocation                1
   c - Tukima's Dance                 Hexes                        3
   d - Alistair's Intoxication        Transmutation/Poison         4
   e - Invisibility                   Hexes                        6
 M - a book of Necromancy

   Spells                             Type                      Level
   a - Pain                           Necromancy                   1
   b - Animate Skeleton               Necromancy                   1
   c - Vampiric Draining              Necromancy                   3
   d - Regeneration                   Charms/Necromancy            3
   e - Animate Dead                   Necromancy                   4
   f - Control Undead                 Necromancy                   4
Miscellaneous
 Q - a phantom mirror
Comestibles
 g - 8 bread rations
 s - 10 meat rations
 w - 4 slices of pizza
 A - 5 fruits
 D - 5 beef jerkies
 O - 5 chunks of flesh
 T - 13 royal jellies


   Skills:
 + Level 6.6 Fighting
 + Level 7.8 Short Blades
 - Level 2.1 Throwing
 + Level 7.6 Armour
 * Level 13.0 Dodging
 + Level 14.5 Stealth


You had 13 spell levels left.
You didn't know any spells.

Dungeon Overview and Level Annotations

Branches:
Dungeon (11/15)            Temple (0/1) D:6            Lair (8/8) D:10
 Shoals (0/4) Lair:5       Spider (0/4) Lair:4        Slime (0/6) Lair:6
    Orc (0/4) D:11

Altars:
Ashenzari
Cheibriados
Dithmenos
Nemelex Xobeh
Okawaru
Sif Muna
Trog
Xom

Shops:
D:7 !

Annotations:
D:5 Dowan
Lair:1 exclusion: oklob plant
Lair:4 kolansburg's ghost, journeyman HOFi


Innate Abilities, Weirdness & Mutations

You have razor-sharp teeth.
You regenerate.
When hurt, damage is shared between your health and your magic reserves.
Your bite disrupts and absorbs the magic of your enemies.
Potions and wands cannot restore your health.
You are immune to rotting.


Message History

The wolf bites you but does no damage. The spriggan rider barely misses you.
The wolf closely misses you.
The spriggan rider hits you from afar with a spear!
* * * LOW HITPOINT WARNING * * *
The wolf bites you but does no damage. The wolf barely misses you.
The wolf misses you. The spriggan rider barely misses you.
The wolf bites you but does no damage. The wolf bites you!
* * * LOW HITPOINT WARNING * * *
The spriggan rider hits you but does no damage.
Things that are here:
a spear; a wasp corpse; a spriggan corpse The wolf barely misses you.
The wolf completely misses you.
The spriggan rider hits you from afar with a spear!
* * * LOW HITPOINT WARNING * * *
The wolf closely misses you. The wolf closely misses you.
The spriggan rider hits you from afar with a spear!!
You die...

♣♣♣ ♣### ...♣♣♣
♣♣♣♣..## ♣....♣♣
♣.....P##
♣...♣♣♣♣♣......P###
♣.†...♣♣.........#
♣♣.....♣......)PP.##
♣♣†.♣♣......i..)....#
♣♣.)♣♣♣♣♣....s†.....#.#
♣.s.♣ ♣♣...iih@<###
....♣ ♣....hh...# ..h.♣
♣P..#i..### ♣..♣♣
♣..###### ♣i♣♣ #♣..
.†.♣ #### i.♣♣ i♣.♣
♣♣.♣


You could see 2 spriggan riders, a redback, 2 spriggans and 3 wolves.

Vanquished Creatures
  Kirke (Lair:5)
  The ghost of Gargoyl the Protected, a journeyman DsAK of Lugonu (Lair:1)
  4 hydras
  A catoblepas (Lair:6)
  3 death yaks (Lair:5)
  Urug (Lair:1)
  An unseen horror (D:6)
  2 hill giants (D:10)
  The ghost of Musteatbrain the Skirmisher, a novice DsFi (D:7)
  The ghost of CcS the Carver, a novice DEBe of Trog (D:6)
  A cyclops (D:11)
  3 elephants (Lair:7)
  Joseph (D:8)
  9 spiny frogs
  3 black mambas
  5 fire drakes
  A komodo dragon (Lair:7)
  A queen bee (Lair:6)
  3 polar bears
  2 boulder beetles (Lair:6)
  A two-headed ogre (D:10)
  15 blink frogs
  A redback (Lair:8)
  Sigmund (D:3)
  4 basilisks
  A tarantella (Lair:4)
  A snapping turtle (Lair:5)
  4 hippogriffs
  6 spriggans
  A wyvern (Lair:7)
  6 hogs
  Grum (D:8)
  13 yaks
  Menkaure (D:7)
  A hungry ghost (D:11)
  2 wargs (D:10)
  7 water moccasins
  17 wolves
  12 porcupines
  Duvessa (D:5)
  A wasp (Lair:8)
  A phantom (D:6)
  5 black bears
  3 orc warriors
  6 centaurs
  A sky beast (D:8)
  3 ogres
  5 crocodiles
  A big kobold (D:8)
  A wyvern zombie (D:11)
  10 giant frogs
  31 killer bees
  A scorpion (D:6)
  2 electric eels (Lair:6)
  4 wights (D:5)
  A centaur zombie (D:5)
  7 hounds
  A quasit (D:11)
  5 crimson imps
  6 orc priests
  3 giant frog skeletons
  11 orc wizards
  9 jellies
  3 giant frog zombies
  Jessica (D:3)
  6 worker ants
  Natasha (thrice) (D:3)
  9 iguanas
  4 hell rats (Lair:2)
  7 sheep (Lair:7)
  4 hound zombies
  2 hound skeletons
  3 worker ant zombies
  3 gnolls (D:10)
  50 river rats
  14 adders
  4 shadow imps
  An adder zombie (D:8)
  4 oozes
  6 worms
  11 giant geckos
  38 orcs
  A ball python (D:3)
  7 bats
  5 giant cockroaches
  7 hobgoblins
  6 jackals
  A giant gecko skeleton (D:6)
  5 giant newts
  16 goblins
  11 kobolds
  A quokka (D:8)
  2 quokka skeletons
  12 rats
  2 plants (Lair:4)
508 creatures vanquished.

Vanquished Creatures (others)
  A wolf (Lair:6)
  A killer bee (Lair:6)
  An orc wizard (D:10)
  5 fungi
  A plant (Lair:8)
  4 toadstools (D:1)
13 creatures vanquished.

Grand Total: 521 creatures vanquished

Notes
Turn   | Place    | Note
--------------------------------------------------------------
     0 | D:1      | Flanowski the Vine Stalker Assassin began the quest for the Orb.
     0 | D:1      | Reached XP level 1. HP: 11/11 MP: 2/2
   136 | D:1      | Reached skill level 5 in Stealth
   136 | D:1      | Reached XP level 2. HP: 15/15 MP: 3/3
   661 | D:2      | Reached XP level 3. HP: 18/18 MP: 4/4
   831 | D:2      | Reached skill level 6 in Stealth
   877 | D:2      | Found a shadowy altar of Dithmenos.
   888 | D:2      | Became a worshipper of Dithmenos the Shadowed
   990 | D:2      | Reached XP level 4. HP: 21/23 MP: 5/5
  1210 | D:3      | Noticed Sigmund
  1213 | D:3      | Killed Sigmund
  1213 | D:3      | Reached skill level 1 in Dodging
  1213 | D:3      | Reached skill level 7 in Stealth
  1213 | D:3      | Reached XP level 5. HP: 26/26 MP: 6/6
  1213 | D:3      | Gained mutation: You heal very quickly. [Vine Stalker growth]
  1213 | D:3      | Reached XP level 6. HP: 30/30 MP: 7/7
  1296 | D:3      | Reached * piety under Dithmenos
  1296 | D:3      | Reached skill level 8 in Stealth
  1512 | D:3      | Noticed Natasha
  1519 | D:3      | Killed Natasha
  1600 | D:3      | Noticed Natasha
  1608 | D:3      | Killed Natasha
  1729 | D:3      | Noticed Jessica
  1747 | D:3      | Killed Jessica
  1837 | D:3      | Noticed Natasha
  1838 | D:3      | Killed Natasha
  1923 | D:4      | Found a sparkling altar of Nemelex Xobeh.
  2204 | D:4      | Got a distressingly furry ring mail
  2215 | D:4      | Identified the +5 ring mail "Lapunoe" {rElec rN+} (You found it on level 4 of the Dungeon)
  2231 | D:4      | Reached XP level 7. HP: 35/35 MP: 8/8
  2254 | D:4      | Reached ** piety under Dithmenos
  2461 | D:4      | Reached skill level 9 in Stealth
  2874 | D:5      | Entered Level 5 of the Dungeon
  2874 | D:5      | Noticed Duvessa
  2874 | D:5      | Noticed Dowan
  3066 | D:5      | Found a shattered altar of Ashenzari.
  3314 | D:5      | Reached skill level 1 in Armour
  3396 | D:5      | Gained mutation: You have razor-sharp teeth. [Vine Stalker growth]
  3396 | D:5      | Reached XP level 8. HP: 12/39 MP: 6/9
  3864 | D:5      | Killed Duvessa
  4049 | D:6      | Noticed CcS's ghost (novice DEBe)
  4182 | D:6      | Killed CcS's ghost
  4182 | D:6      | Reached skill level 10 in Stealth
  4363 | D:6      | Found a staircase to the Ecumenical Temple.
  4491 | D:6      | Reached XP level 9. HP: 33/44 MP: 10/10
  4752 | D:6      | Killed an unseen horror
  4752 | D:6      | Reached skill level 5 in Dodging
  4903 | D:6      | Found a snail-covered altar of Cheibriados.
  5340 | D:7      | Found an iron altar of Okawaru.
  5481 | D:7      | Reached *** piety under Dithmenos
  5513 | D:7      | Noticed Menkaure
  5525 | D:7      | Killed Menkaure
  5600 | D:7      | Found Kiushru's Distillery.
  5812 | D:7      | Noticed Musteatbrain's ghost (novice DsFi)
  5931 | D:7      | Killed Musteatbrain's ghost
  5931 | D:7      | Reached skill level 5 in Short Blades
  5931 | D:7      | Reached skill level 5 in Armour
  5931 | D:7      | Reached skill level 11 in Stealth
  5931 | D:7      | Reached XP level 10. HP: 17/49 MP: 8/11
  6370 | D:8      | Noticed Grum
  6671 | D:8      | Killed Grum
  6823 | D:8      | Noticed Joseph
  6853 | D:8      | Killed Joseph
  7077 | D:8      | Found a shimmering altar of Xom.
  7077 | D:8      | Found a bloodstained altar of Trog.
  7083 | D:8      | Found a deep blue altar of Sif Muna.
  7433 | D:9      | You fall through a shaft!
  7433 | D:10     | Entered Level 10 of the Dungeon
  7723 | D:10     | Noticed a hill giant
  7737 | D:10     | Killed a hill giant
  7892 | D:10     | Reached XP level 11. HP: 21/54 MP: 12/12
  7984 | D:10     | Noticed a hill giant
  7996 | D:10     | Killed a hill giant
  7996 | D:10     | Reached skill level 5 in Fighting
  7996 | D:10     | Reached skill level 12 in Stealth
  8079 | D:10     | Found a staircase to the Lair.
  8154 | D:10     | Reached **** piety under Dithmenos
  8704 | D:11     | Found a staircase to the Orcish Mines.
  8806 | D:11     | Got a jet-encrusted ring mail
  8807 | D:11     | Identified the cursed +0 ring mail of the Gravedigger {rF- MR++} (You found it on level 11 of the Dungeon)
  9490 | Lair:1   | Entered Level 1 of the Lair of Beasts
  9548 | Lair:1   | Noticed Urug
  9609 | Lair:1   | Killed Urug
  9862 | Lair:1   | Reached ***** piety under Dithmenos
 10431 | Lair:1   | Noticed Gargoyl's ghost (journeyman DsAK)
 10520 | Lair:1   | Killed Gargoyl's ghost
 10868 | Lair:2   | Gained mutation: You regenerate. [Vine Stalker growth]
 10868 | Lair:2   | Reached XP level 12. HP: 47/60 MP: 13/13
 11696 | Lair:3   | Noticed a seven-headed hydra
 11700 | Lair:3   | Killed a seven-headed hydra
 11719 | Lair:3   | Reached skill level 10 in Dodging
 12220 | Lair:4   | Reached skill level 13 in Stealth
 12291 | Lair:4   | Noticed an eight-headed hydra
 12298 | Lair:4   | Killed an eight-headed hydra
 12472 | Lair:4   | Found a hole to the Spider Nest.
 12641 | Lair:4   | Noticed kolansburg's ghost (journeyman HOFi)
 13413 | Lair:5   | Found a staircase to the Shoals.
 13787 | Lair:6   | Noticed an eight-headed hydra
 13806 | Lair:6   | Noticed Kirke
 13855 | Lair:5   | Killed an eight-headed hydra
 13906 | Lair:5   | Reached skill level 14 in Stealth
 14143 | Lair:5   | Reached XP level 13. HP: 57/65 MP: 14/14
 14252 | Lair:5   | Killed Kirke
 14469 | Lair:6   | Found a staircase to the Slime Pits.
 14479 | Lair:6   | HP: 1/65 [acid (8)]
 14687 | Lair:6   | HP: 3/65 [poisoned by a killer bee]
 15047 | Lair:6   | Noticed a death yak
 15047 | Lair:6   | Noticed a death yak
 15050 | Lair:6   | Noticed a death yak
 15111 | Lair:5   | Killed a death yak
 15154 | Lair:5   | HP: 3/65 [death yak (9)]
 15158 | Lair:5   | Killed a death yak
 15199 | Lair:5   | Killed a death yak
 15364 | Lair:6   | Noticed a catoblepas
 15369 | Lair:6   | Killed a catoblepas
 15823 | Lair:6   | Got a brightly glowing ring mail
 15824 | Lair:6   | Identified the +5 ring mail "Loer" {+Blink rC++ Int-2} (You found it on level 6 of the Lair of Beasts)
 17131 | Lair:8   | Entered Level 8 of the Lair of Beasts
 17262 | Lair:8   | Reached ****** piety under Dithmenos
 17288 | Lair:8   | Reached XP level 14. HP: 61/70 MP: 15/15
 17379 | Lair:8   | HP: 3/70 [spriggan rider/spear (11)]
 17381 | Lair:8   | Mangled by a spriggan rider

Action                   |  1- 3 |  4- 6 |  7- 9 | 10-12 | 13-15 || total
-------------------------+-------+-------+-------+-------+-------++-------
Melee: Dagger            |    69 |   106 |   458 |  1238 |   678 ||  2549
       Unarmed           |       |       |       |    21 |       ||    21
Invok: Shadow Step       |       |       |       |     2 |       ||     2
  Use: Scroll            |       |     6 |     2 |    13 |     9 ||    30
       Potion            |       |       |       |       |     1 ||     1
 Stab: Sleeping          |    10 |    12 |    18 |    50 |    17 ||   107
       Distracted        |       |     2 |     1 |     3 |     3 ||     9
  Eat: Chunk             |       |     4 |    12 |    15 |     8 ||    39
       Bread ration      |       |       |       |     4 |       ||     4
